 Dungeon Crawl Stone Soup version 0.17.0-24-gcfadda4 (webtiles) character file.

235 rutigerpupkin the Skirmisher (level 6, -2/41 HPs)
             Began as a Gargoyle Berserker on Nov 16, 2015.
             Was a Believer of Trog.
             Slain by an ogre
             ... wielding a +0 giant club
              (30 damage)
             ... on level 5 of the Dungeon.
             The game lasted 00:05:35 (2373 turns).

rutigerpupkin the Skirmisher (Gargoyle Berserker)   Turns: 2373, Time: 00:05:35

Health: -2/41      AC:  6    Str: 23    XL:     6   Next: 6%
Magic:  6/6        EV: 12    Int:  7    God:    Trog [**....]
Gold:   78         SH:  0    Dex:  9    Spells: 0 memorised, 5 levels left

rFire  . . .     SeeInvis .     a - +0 mace
rCold  . . .     Clarity  .     b - +0 animal skin
rNeg   + . .     SustAt   .     (no shield)
rPois  ∞         Gourm    .     (no helmet)
rElec  +         Spirit   .     (no cloak)
rCorr  .         Warding  .     (no gloves)
rMut   .         Rnd*Tele +     (no boots)
MR     .....                    (no amulet)
Stlth  +.........               (no ring)
                                t - ring of teleportation (curse)

@: not resistant to hostile enchantments, very unstealthy
A: negative energy resistance 1, electricity resistance, unbreathing,
petrification resistance, rot immunity, AC +4
a: Berserk, Trog's Hand, Burn Spellbooks, Renounce Religion, Evoke Teleportation


You were on level 5 of the Dungeon.
You worshipped Trog.
Trog was pleased with you.
You were not hungry.

You visited 1 branch of the dungeon, and saw 5 of its levels.

You collected 78 gold pieces.

Inventory:

Hand Weapons
 a - a +0 mace (weapon)
Armour
 b - a +0 animal skin (worn)
Jewellery
 t - a cursed ring of teleportation (left hand)
Wands
 o - a wand of frost (30)
 u - a wand of fireball (10)
Scrolls
 d - a scroll of random uselessness {unknown}
 e - a scroll of amnesia {unknown}
 f - 3 scrolls of identify {unknown}
 h - a scroll of blinking {unknown}
 k - a scroll of noise {unknown}
 l - a scroll of fear {unknown}
 v - a scroll of recharging {unknown}
Potions
 g - 2 potions of curing {unknown}
 j - a potion of might {unknown}
 m - a potion of poison {unknown}
 p - 2 potions of haste {unknown}
 q - a potion of magic {unknown}
Comestibles
 c - 3 bread rations
 i - a chunk of flesh
 n - a meat ration
 r - 5 fruits
 s - a beef jerky


   Skills:
 + Level 5.6 Fighting
 + Level 5.0 Maces & Flails
 - Level 2.1 Armour
 - Level 1.5 Dodging


You had 5 spell levels left.
You didn't know any spells.

Dungeon Overview and Level Annotations

Branches:
Dungeon (6/15)
 Temple: D:4-7

Altars:
Cheibriados
Qazlal

Shops:
D:6 :


Innate Abilities, Weirdness & Mutations

You are resistant to torment.
Your stone body is resilient (AC +4).
You are immune to poison.
You resist negative energy.
You are resistant to electric shocks.
You can survive without breathing.
You are immune to petrification.
You are immune to rotting.


Message History

You continue eating. x2
There is a stone staircase leading down here.
You start resting.
You feel yourself speed up.
You start resting.
You feel less exhausted.
You start resting.
You are suddenly yanked towards a nearby monster!
Your surroundings suddenly seem different.
An ogre comes into view. It is wielding a giant club.
The ogre shouts!
The ogre moves out of view.
Found a stone staircase leading up.
You barely miss the ogre. The ogre misses you.
You barely miss the ogre. The ogre misses you.
You sock the ogre!
The ogre is moderately wounded.
The ogre hits you with a giant club!!
Ouch! That really hurt!
You die...

##....#.#
.........#
.# ......#.#
.. .......
#. #....#
#.. #....#
.###..#O...#
.......@...#
..#........#
#..###...#
....<......#
.....###.#.#
+#. ......
#.#.#.##
#.#.#.# #
#.#.#


You could see an ogre.

Vanquished Creatures
  A giant frog (D:6)
  2 hounds (D:6)
  Natasha (twice) (D:2)
  3 adders
  A shadow imp (D:5)
  An adder skeleton (D:6)
  2 giant geckos (D:1)
  5 giant cockroaches
  5 goblins
  4 hobgoblins
  A jackal (D:1)
  4 kobolds
  2 quokkas
  7 bats
  4 giant newts
  3 rats
47 creatures vanquished.

Notes
Turn   | Place    | Note
--------------------------------------------------------------
     0 | D:1      | rutigerpupkin the Gargoyle Berserker began the quest for the Orb.
     0 | D:1      | Reached XP level 1. HP: 14/14 MP: 1/1
   148 | D:1      | Reached XP level 2. HP: 12/19 MP: 2/2
   682 | D:1      | Reached skill level 4 in Fighting
   743 | D:1      | Reached XP level 3. HP: 22/24 MP: 3/3
   868 | D:2      | Reached ** piety under Trog
   877 | D:2      | Found a stormy altar of Qazlal.
   973 | D:2      | Noticed Natasha
   994 | D:2      | Killed Natasha
   994 | D:2      | Reached XP level 4. HP: 21/30 MP: 4/4
  1373 | D:2      | Noticed Natasha
  1381 | D:2      | Killed Natasha
  1712 | D:3      | You fall through a shaft for 3 floors!
  1745 | D:6      | Reached skill level 5 in Fighting
  1745 | D:6      | Reached XP level 5. HP: 13/35 MP: 5/5
  1805 | D:6      | Found Umnyew's Book Shoppe.
  2175 | D:6      | Found a snail-covered altar of Cheibriados.
  2217 | D:6      | Noticed a giant frog
  2231 | D:6      | Killed a giant frog
  2231 | D:6      | Reached skill level 5 in Maces & Flails
  2231 | D:6      | Reached XP level 6. HP: 24/40 MP: 6/6
  2244 | D:5      | Entered Level 5 of the Dungeon
  2373 | D:5      | Slain by an ogre

Action                   |  1- 3 |  4- 6 || total
-------------------------+-------+-------++-------
Melee: Mace              |   111 |    97 ||   208
Invok: Berserk           |     2 |     2 ||     4
  Eat: Chunk             |     1 |     8 ||     9
